 Dungeon Crawl Stone Soup version 0.31.0-9-g3a7656b989 (webtiles) character file.

Game seed: 8421301864622456955

74 qw the Shooter (level 4, -2/22 HPs)
             Began as a Spriggan Hunter on Feb 2, 2024.
             Slain by a goblin
             ... wielding a +0 dagger
             ... led by Robin
              (3 damage)
             ... on level 3 of the Dungeon.
             The game lasted 00:00:06 (1719 turns).

qw the Shooter (Spriggan Hunter)                    Turns: 1719, Time: 00:00:06

Health: -2/22      AC:  2    Str:  7    XL:     4   Next: 9%
Magic:  5/5        EV: 19    Int: 10    God:
Gold:   141        SH:  0    Dex: 20    Spells: 3/3 levels left

rFire   . . .        a - +0 shortbow
rCold   . . .        (shield currently unavailable)
rNeg    . . .        c - +0 robe
rPois   .            (helmet restricted)
rElec   .            (no cloak)
rCorr   .            (gloves unavailable)
SInv    +            (boots unavailable)
Will    .....        (no amulet)
Stlth   ++           (no ring)
HPRegen 0.23/turn    (no ring)
MPRegen 0.09/turn

%: no passive effects
@: very quick
A: very small, no large weapons, unfitting armour, see invisible, speed 3
a: no special abilities


You were on level 3 of the Dungeon.
You visited 1 branch of the dungeon, and saw 3 of its levels.

You collected 141 gold pieces.


Innate Abilities, Weirdness & Mutations

You are very small and have problems with some larger weapons.
You are too small for most types of armour.
You have supernaturally acute eyesight. (SInv)
You cover ground extremely quickly. (Speed+++)


   Skills:
 - Level 1.5 Fighting
 - Level 5.1 Ranged Weapons
 + Level 4.1 Dodging
 - Level 1.5 Stealth


You had 3 spell levels left.
You didn't know any spells.
Your spell library was empty.

Inventory:

Hand Weapons
 a - a +0 shortbow (weapon)
Armour
 c - a +0 robe (worn)
Potions
 d - a potion of haste
 e - a potion of lignification {unknown}
 f - a potion of brilliance {unknown}
 g - a potion of enlightenment {unknown}
 i - a potion of heal wounds {unknown}
 j - a potion of berserk rage {unknown}
 l - a potion of curing {unknown}
 n - a potion of might {unknown}

Dungeon Overview and Level Annotations

Branches:
Dungeon (3/15)

Altars:
Zin

Annotations:
D:3 Robin


Message History

A goblin comes into view. It is wielding a +2 dagger of venom.
A goblin comes into view. It is wielding a +0 dagger.
You shoot an arrow. The arrow closely misses the hobgoblin.
A goblin comes into view. It is wielding a +0 dagger.
You shoot an arrow. The arrow barely misses the hobgoblin.
You shoot an arrow. The arrow hits the hobgoblin.
You kill the hobgoblin!
A ball python comes into view.
The goblin barely misses you.
You shoot an arrow. The arrow barely misses the hobgoblin.
The ball python hisses angrily.
The hobgoblin completely misses you. The hobgoblin closely misses you.
You shoot an arrow. The arrow barely misses the hobgoblin.
The goblin hits you with a +0 dagger. The hobgoblin completely misses you.
The goblin hits you but does no damage. The hobgoblin misses you.
Robin of the Strong Arm comes into view.
They are wielding a +0 club.
You shoot an arrow.
Robin shouts!
The arrow hits the hobgoblin!
You kill the hobgoblin!
The goblin hits you with a +0 dagger. The goblin barely misses you.
The hobgoblin hits you.
You shoot an arrow. The arrow barely misses the goblin.
The goblin hits you with a +0 dagger. The hobgoblin misses you.
The goblin completely misses you. The goblin hits you with a +0 dagger.
Robin's horned helmet rattles.
Robin roars a battlecry!
The goblins go into a battle-frenzy!
You shoot an arrow. The arrow hits the goblin!
You kill the goblin!
The goblin misses you. The goblin hits you with a +0 dagger.
The goblin misses you. The hobgoblin barely misses you.
You shoot an arrow.
The arrow closely misses the ball python.
The ball python closely misses you. The ball python barely misses you.
The goblin hits you but does no damage. The goblin misses you.
The goblin completely misses you. The hobgoblin hits you.
The ball python closely misses you. The ball python completely misses you.
The goblin hits you with a +0 dagger.
You die...

.#..........##
.............
#..........#
#....g....#
...
#.........# ..
#...gg....#..#
#.(.ggS...#..#
#@g......# .#
##g.#..#.#
...#...#....#
#.....##.##..#
###.#.....>..#
#........#.#
#......<...#
#........###
#.#........


You could see Robin, 2 hobgoblins, 4 goblins and a ball python.

Vanquished Creatures
  Natasha (D:2)
  An adder (D:2)
  A dart slug (D:1)
  2 ribbon worms (D:2)
  An orc (D:2)
  7 ball pythons
  An endoplasm (D:2)
  2 giant cockroaches
  A goblin (D:3)
  6 hobgoblins
  A quokka (D:2)
  2 bats
  2 frilled lizards (D:2)
  2 kobolds (D:2)
  2 rats (D:1)
32 creatures vanquished.

Notes
Turn   | Place    | Note
-------+----------+-------------------------------------------
     0 | D:1      | qw the Spriggan Hunter began the quest for the Orb.
     0 | D:1      | Reached XP level 1. HP: 10/10 MP: 2/2
     0 | D:1      | 0 ||| qw: Version: 0.3-a-155-g5e7d8dd
     0 | D:1      | 0 ||| qw: Game counter: 2560
     0 | D:1      | 0 ||| qw: Melee chars always use a shield: true
     0 | D:1      | 0 ||| qw: God list: Okawaru
     0 | D:1      | 0 ||| qw: Allow faded altars: false
     0 | D:1      | 0 ||| qw: Do Orc after clearing Dungeon:15 true
     0 | D:1      | 0 ||| qw: Do second Lair branch before Depths: true
     0 | D:1      | 0 ||| qw: Lair rune preference: random
     0 | D:1      | 0 ||| qw: Goals: Normal
     0 | D:1      | 0 ||| PLANNING D:1-11
    49 | D:1      | Reached skill level 3 in Dodging
   165 | D:1      | Reached XP level 2. HP: 11/14 MP: 3/3
   598 | D:1      | 598 ||| READING scroll labelled XIASIOF CONIWN.
   599 | D:1      | 599 ||| READING scroll labelled CUMEEWNOER.
   600 | D:1      | 600 ||| READING scroll labelled DINGISU FAJUKH.
   604 | D:1      | 604 ||| DROPPING scroll of butterflies.
   881 | D:2      | Found a glowing silver altar of Zin.
  1219 | D:2      | Reached XP level 3. HP: 18/18 MP: 4/4
  1497 | D:2      | 1497 ||| READING scroll labelled DUHOID HIC MUENO.
  1497 | D:2      | 1497 ||| ENCHANTING +0 shortbow.
  1498 | D:2      | 1498 ||| READING scroll labelled XOEXZO LATZ.
  1499 | D:2      | 1499 ||| READING scroll labelled JIF WUWEB XYD.
  1499 | D:2      | 1499 ||| IDENTIFYING green potion
  1500 | D:2      | 1500 ||| READING scroll labelled QIVIAX FOCRU.
  1501 | D:2      | 1501 ||| READING scroll labelled VOUXZO TECEAFIUB.
  1517 | D:3      | Noticed Natasha
  1518 | D:3      | 1518 ||| STAIRDANCE
  1523 | D:3      | 1523 ||| STAIRDANCE
  1562 | D:3      | 1562 ||| STAIRDANCE
  1565 | D:2      | HP: 4/18 [Natasha/magic dart (3)]
  1566 | D:2      | 1566 ||| READING scroll of teleportation.
  1569 | D:2      | HP: 1/18 [Natasha (1)]
  1570 | D:2      | Killed Natasha
  1571 | D:2      | Reached skill level 5 in Ranged Weapons
  1571 | D:2      | Reached XP level 4. HP: 2/22 MP: 5/5
  1715 | D:3      | Noticed Robin
  1719 | D:3      | HP: 1/22 [hobgoblin[Robin] (6)]
  1719 | D:3      | Slain by a goblin

Levels and vault maps discovered:
D:1:      minmay_arrival_arboretum_small, layout_loops_ring,
          corexii_hall_statues_t, chequers_avenue
D:2:      layout_basic, basic_altar, nicolae_wormholes
D:3:      layout_loops_ring, minmay_misc_feat_plants, minmay_circle_x,
          uniq_natasha, uniq_robin

Skill      XL: |  1  2  3 |
---------------+----------+-----
Dodging        | 3 4 |  4.1
Ranged Weapons | 5 |  5.1
Fighting       | |  1.5
Stealth        | |  1.5

Action                     |  1- 3 |  4- 6 || total
---------------------------+-------+-------++-------
   Fire: Shortbow          |    85 |    14 ||    99
    Use: Scroll            |     9 |       ||     9
 Armour: Robe              |    12 |    10 ||    22
  Dodge: Dodged            |    38 |    17 ||    55

Table legend:
 A = Non-vault XP
 B = Vault XP
 C = Vault XP percentage of total XP
 D = Non-vault monster count
 E = Vault monster count
 F = Vault count percentage of total count
                 A         B        C        D         E       F
            +---------+---------+-------+---------+---------+-------
      Total |      56 |      50 |  47.2 |      26 |       6 |  18.8
            +---------+---------+-------+---------+---------+-------
        D:1 |      17 |       0 |   0.0 |      10 |       0 |   0.0
        D:2 |      39 |      44 |  53.0 |      16 |       3 |  15.8
        D:3 |       0 |       6 | 100.0 |       0 |       3 | 100.0
            +---------+---------+-------+---------+---------+-------
